[Event "1000GM Schev-G4 March 2024"]
[Site "Santa Clara"]
[Date "2024.03.11"]
[Round "5.1"]
[White "Yao, Hanchi"]
[Black "Vittorino, Carlo Giovanni"]
[Result "0-1"]
[ECO "E34"]
[WhiteElo "1997"]
[BlackElo "2226"]
[Annotator "TA"]
[PlyCount "100"]
[EventDate "2024.03.06"]
[EventType "schev"]
[EventCountry "USA"]
[SourceTitle "playchess.com"]
[Source "ChessBase"]
[SourceQuality "1"]
[TimeControl "5400+30"]

1. d4 Nf6 2. c4 e6 3. Nc3 Bb4 4. Qc2 d5 5. Bg5 h6 6. Bh4 dxc4 7. Qa4+ Nc6 8. e3 Bd7 {[%emt 0:18:16][%cal Oc6d4] aiming for ...Nxd4! Black is slightly better.} 9. Qc2 b5 10. Bxf6 (10. Nf3 $11) 10... Qxf6 $17 11. g3 $2 (11. Be2 $17) 11... O-O {[%emt 0:02:17] ...e5 is the strong threat.} 12. Bg2 (12. f4 $142) 12... e5 $19 13. d5 {[%emt 0:07:45] [#]} Nd4 14. Qd1 {[%emt 0:01:03] [#]} (14. Qb1 Rad8) 14... Bf5 $1 15. e4 (15. Rc1 Rad8) 15... Bd7 16. h3 c6 17. Nf3 cxd5 18. exd5 Bf5 19. O-O Bc2 20. Qc1 Nxf3+ 21. Bxf3 {[%emt 0:00:14] White is weak on the dark squares} Qxf3 22. Qxc2 Bxc3 23. Qxc3 Qxd5 24. Rad1 Qc5 25. Rfe1 Rfe8 26. Qa5 e4 27. Kg2 e3 {[%emt 0:00:36] White must now prevent ...Qc6+.} 28. Rxe3 Rxe3 29. fxe3 Qxe3 30. Rd8+ $2 (30. Qe1 {keeps fighting.} Qxe1 31. Rxe1) 30... Rxd8 31. Qxd8+ {[%emt 0:00:06][%mdl 4096] Endgame. KQ-KQ} Kh7 {[%emt 0:00:01] Strongly threatening ...Qe2+.} 32. Qd5 (32. Qd1 $142) 32... Qe2+ 33. Kg1 Qxb2 34. Qf5+ g6 35. Qxf7+ Qg7 36. Qf2 Qc7 {[%emt 0:00:31] Prevents Qc5. Hoping for ...c3.} 37. Kh1 c3 {[%emt 0:00:10] ( -> ...c2)} 38. Qc2 Qxg3 {[%emt 0:00:40] Black mates.} 39. Qb3 Qxh3+ 40. Kg1 Qe3+ 41. Kh1 Qc1+ 42. Kh2 Qb2+ 43. Kh3 Qxb3 44. axb3 {[%emt 0:00:03] KP-KP} c2 45. b4 c1=Q 46. Kh4 Qg5+ 47. Kh3 h5 48. Kh2 h4 49. Kh1 h3 50. Kh2 Qg2# {[%emt 0:00:03] Black took control after the opening.   Weighted Error Value: White=0.86/Black=0.14 (very precise) .  Mistake:       	White=5     	---        Inaccurate:     	White=2     	Black=1      OK:         	White=5     	Black=12     Best:        	White=2     	Black=4} 0-1

[Event "1000GM Schev-G4 March 2024"]
[Site "Santa Clara"]
[Date "2024.03.11"]
[Round "5.2"]
[White "Kretchetov, Alexandre"]
[Black "Karthi, Jashith"]
[Result "1-0"]
[ECO "D37"]
[WhiteElo "2141"]
[BlackElo "2039"]
[Annotator "RC"]
[PlyCount "141"]
[EventDate "2024.03.06"]
[EventType "schev"]
[EventCountry "USA"]
[SourceTitle "playchess.com"]
[Source "ChessBase"]
[SourceQuality "1"]
[TimeControl "5400+30"]

1. Nf3 d5 2. d4 Nf6 3. c4 e6 4. Nc3 a6 5. cxd5 exd5 6. Qb3 c6 7. Bg5 Be7 8. e3 O-O 9. Bd3 Qc7 10. Qc2 h6 11. Bxf6 Bxf6 12. Nxd5 Qa5+ 13. Nc3 Bg4 14. Nd2 Re8 15. O-O Nd7 16. Rac1 Rac8 17. Nc4 Qc7 18. Bh7+ Kh8 19. Bf5 Bxf5 20. Qxf5 b5 21. Nd2 g6 22. Qf3 Kg7 23. Nce4 Be7 24. Nb3 Qb6 25. Nbc5 Nxc5 26. Nxc5 Bxc5 27. Rxc5 Qa5 28. a3 Re6 29. Qe2 Rd8 30. Qc2 Rdd6 31. h3 Qd8 32. Rc1 a5 33. b3 Qb6 34. Qc3 Kh7 35. a4 b4 36. Qc4 Kg7 37. Qd3 Qa7 38. R1c4 Qa8 39. e4 h5 40. e5 Rd5 41. Rxd5 cxd5 42. Rc5 Rc6 43. Qb5 Rxc5 44. Qxc5 Qd8 45. g3 Kg8 46. Kg2 Kg7 47. Qc6 Kh7 48. Qd6 Qa8 49. h4 Kg8 50. Qd7 Kf8 51. Kf3 Kg8 52. Kf4 Qa6 53. Kg5 Kg7 54. Qe7 Qc8 55. Qf6+ Kg8 56. e6 fxe6 57. Qxg6+ Kf8 58. Qf6+ Kg8 59. f4 Qd7 60. Kxh5 Qh7+ 61. Qh6 Qd7 62. Qg6+ Kf8 63. Kg5 Qc8 64. Qf6+ Kg8 65. Qe7 e5 66. fxe5 Kh8 67. Qf6+ Kg8 68. e6 Qc1+ 69. Qf4 Qc6 70. Qf7+ Kh8 71. Kf6 1-0

[Event "1000GM Schev-G4 March 2024"]
[Site "Santa Clara"]
[Date "2024.03.11"]
[Round "5.3"]
[White "Ramirez, Carlos"]
[Black "Stevens, Adam B"]
[Result "1-0"]
[ECO "D97"]
[WhiteElo "2162"]
[BlackElo "1969"]
[Annotator "RC"]
[PlyCount "75"]
[EventDate "2024.03.06"]
[EventType "schev"]
[EventCountry "USA"]
[SourceTitle "playchess.com"]
[Source "ChessBase"]
[SourceQuality "1"]
[TimeControl "5400+30"]

1. Nf3 Nf6 2. d4 g6 3. c4 Bg7 4. Nc3 d5 5. Qb3 dxc4 6. Qxc4 O-O 7. e4 a6 8. e5 b5 9. Qb3 Nfd7 10. Be3 c5 11. e6 c4 12. exf7+ Rxf7 13. Qc2 Nf6 14. Ne5 Rf8 15. a4 Bf5 16. Qc1 Nfd7 17. Nxd7 Qxd7 18. axb5 Bxd4 19. Bxc4+ Be6 20. Bxe6+ Qxe6 21. O-O Bxe3 22. Qxe3 Qxe3 23. fxe3 Rxf1+ 24. Kxf1 Ra7 25. bxa6 Kf7 26. Ke2 Rxa6 27. Rxa6 Nxa6 28. Kd3 Kf6 29. Kc4 h5 30. b4 h4 31. b5 Nb8 32. Kd5 h3 33. gxh3 Kg5 34. Ke6 Kh4 35. Kxe7 g5 36. Ne4 Kxh3 37. Nxg5+ Kxh2 38. Kd6 1-0

[Event "1000GM Schev-G4 March 2024"]
[Site "Santa Clara"]
[Date "2024.03.11"]
[Round "5.4"]
[White "Talwalkar, Vedant"]
[Black "Jaquez, Juan Manuel"]
[Result "1/2-1/2"]
[ECO "C06"]
[WhiteElo "1996"]
[BlackElo "2170"]
[Annotator "RC"]
[PlyCount "82"]
[EventDate "2024.03.06"]
[EventType "schev"]
[EventCountry "USA"]
[SourceTitle "playchess.com"]
[Source "ChessBase"]
[SourceQuality "1"]
[TimeControl "5400+30"]

1. e4 e6 2. d4 d5 3. Nd2 Nf6 4. e5 Nfd7 5. Bd3 c5 6. c3 Nc6 7. Ngf3 cxd4 8. cxd4 Qb6 9. O-O Nxd4 10. Nxd4 Qxd4 11. Nf3 Qb6 12. Qa4 Qb4 13. Qc2 h6 14. Bd2 Qb6 15. a4 a5 16. Rac1 Be7 17. Be3 Qd8 18. Bb5 O-O 19. Qc7 b6 20. Qxd8 Bxd8 21. Rxc8 Rxc8 22. Bxd7 Rc2 23. Rb1 g5 24. h4 Kg7 25. hxg5 hxg5 26. Nd4 Rc7 27. Bxe6 fxe6 28. Nxe6+ Kf7 29. Nxf8 Kxf8 30. Bxb6 Rc8 31. Bxd8 Rxd8 32. g3 g4 33. Rd1 d4 34. Kg2 Ke7 35. f3 Ke6 36. fxg4 Kxe5 37. Re1+ Kd5 38. Kf3 Rf8+ 39. Ke2 Rb8 40. Rb1 Rb3 41. Kf2 Ke5 1/2-1/2

[Event "1000GM Schev-G4 March 2024"]
[Site "Santa Clara"]
[Date "2024.03.11"]
[Round "5.5"]
[White "Jasinski, Alexander"]
[Black "Montes Orozco, Miguel Angel"]
[Result "0-1"]
[ECO "C60"]
[WhiteElo "1981"]
[BlackElo "2152"]
[Annotator "RC"]
[PlyCount "104"]
[EventDate "2024.03.06"]
[EventType "schev"]
[EventCountry "USA"]
[SourceTitle "playchess.com"]
[Source "ChessBase"]
[SourceQuality "1"]
[TimeControl "5400+30"]

1. e4 e5 2. Nf3 Nc6 3. Bb5 g6 4. O-O Bg7 5. Re1 Nge7 6. c3 a6 7. Ba4 d6 8. d4 b5 9. Bb3 exd4 10. cxd4 O-O 11. h3 Na5 12. Bc2 c5 13. Nc3 h6 14. Ne2 Bb7 15. Rb1 Rc8 16. a3 cxd4 17. Nexd4 Qd7 18. Bd2 Nc4 19. Bb3 Rfe8 20. Bxc4 Rxc4 21. Bc3 Nc6 22. Nd2 Rxd4 23. Bxd4 Nxd4 24. f3 Be5 25. Nf1 Qd8 26. Qd3 Qh4 27. Rbd1 Bc8 28. Re3 Be6 29. Qd2 Nb3 30. Qe1 Qg5 31. Red3 Bxh3 32. g3 Nc5 33. Rd5 Be6 34. f4 Qh5 35. R5d2 Bb3 36. Rc1 Bg7 37. e5 Bc4 38. Rcd1 dxe5 39. Rd8 Rxd8 40. Rxd8+ Kh7 41. Nd2 Nd3 42. Qf1 exf4 43. Nxc4 bxc4 44. Qxf4 Nxf4 45. gxf4 Qg4+ 46. Kh1 Qh4+ 47. Kg2 Qxd8 48. Kg1 Qd2 49. f5 Bd4+ 50. Kh1 Qf2 51. fxg6+ Kxg6 52. a4 Qg1# 0-1